 Dungeon Crawl Stone Soup version 0.22-a0-379-ga9d99d6 (webtiles) character file.

44 Falco the Slasher (level 3, 0/30 HPs)
             Began as a Barachi Berserker on Apr 28, 2018.
             Was a Believer of Trog.
             Slain by a jackal (2 damage)
             ... on level 2 of the Dungeon.
             The game lasted 00:05:39 (1023 turns).

Falco the Slasher (Barachi Berserker)               Turns: 1023, Time: 00:05:39

Health: 0/30       AC:  2    Str: 18    XL:     3   Next: 60%
Magic:  3/3        EV: 13    Int:  7    God:    Trog [**....]
Gold:   35         SH:  0    Dex: 12    Spells: 2/2 levels left

rFire    . . .     SeeInvis .   h - -1 dagger (curse)
rCold    . . .     Gourm    .   (no shield)
rNeg     . . .     Faith    .   b - +0 animal skin
rPois    .         Spirit   .   (no helmet)
rElec    .         Reflect  .   (no cloak)
rCorr    .         Harm     .   (no gloves)
MR       .....                  (no boots)
Stlth    +.........             (no amulet)
HPRegen  0.10/turn              (no ring)
MPRegen  0.08/turn              (no ring)

@: slow
A: +LOS, swims, slowness 1, strong legs 1
a: Hop, Berserk, Trog's Hand, Renounce Religion


You were on level 2 of the Dungeon.
You worshipped Trog.
Trog was pleased with you.
You were not hungry.

You visited 1 branch of the dungeon, and saw 2 of its levels.

You collected 35 gold pieces.

Inventory:

Hand Weapons
 a - a +0 falchion
 h - a cursed -1 dagger (weapon)
Armour
 b - a +0 animal skin (worn)
Jewellery
 d - an uncursed ring of flight {unknown}
Potions
 e - a potion of curing
Comestibles
 c - a ration


   Skills:
 + Level 4.1 Fighting
 + Level 0.3(2.3) Short Blades
 + Level 4.2 Long Blades
 + Level 2.9 Armour
 + Level 2.8 Dodging
 + Level 0.3 Stealth


You had 2 spell levels left.
You didn't know any spells.

Dungeon Overview and Level Annotations

Branches:
Dungeon (2/15)

Altars:


Innate Abilities, Weirdness & Mutations

Shadows flee at your approach. (+LOS)
You can swim through water.
You cover ground slowly.
You can hop short distances.


Message History

Trog accepts your kill. The bat hits you.
* * * LOW HITPOINT WARNING * * *
You hit the bat but do no damage. The bat hits you.
* * * LOW HITPOINT WARNING * * *
The bat barely misses you. The bat misses you. The jackal closely misses you.
The jackal completely misses you.
Items here: ) †††† a club; a jackal corpse; a goblin corpse; a jackal corpse x2
You closely miss the jackal. The bat hits you.
* * * LOW HITPOINT WARNING * * *
The jackal completely misses you. The bat misses you.
You barely miss the jackal. The jackal bites you.
* * * LOW HITPOINT WARNING * * *
You hit the jackal but do no damage. The jackal bites you.
* * * LOW HITPOINT WARNING * * *
The jackal bites you.
You die...

........
........
........
........
........
........
........
........#######
..[....bh@....#
#.###########.#
#.....<.....#
#.###########
#.# #.# #.# #.#
#.#


You could see a jackal and a bat.

Vanquished Creatures
  An adder (D:2)
  An ooze (D:2)
  2 leopard geckos (D:1)
  A giant cockroach (D:1)
  3 goblins
  6 hobgoblins
  3 jackals (D:2)
  A ball python (D:1)
  2 bats (D:1)
  3 frilled lizards (D:1)
  3 kobolds (D:1)
  A rat (D:1)
27 creatures vanquished.

Notes
Turn   | Place    | Note
-------+----------+-------------------------------------------
     0 | D:1      | Falco the Barachi Berserker began the quest for the Orb.
     0 | D:1      | Reached XP level 1. HP: 18/18 MP: 1/1
   117 | D:1      | Reached XP level 2. HP: 13/25 MP: 2/2
   639 | D:2      | Reached XP level 3. HP: 3/30 MP: 3/3
   991 | D:2      | Reached ** piety under Trog
  1023 | D:2      | Slain by a jackal

Vault maps used:
D:1:      onia_arrival_mini_spirals, serial_forest,
          infiniplex_forest_lined_ring, infiniplex_forest_clump_medium,
          infiniplex_forest_corner_1, infiniplex_forest_end_2,
          infiniplex_forest_clump_cross, infiniplex_forest_clump_long,
          infiniplex_forest_clump_medium
D:2:      first_ration

Skill      XL: |  1  2 |
---------------+-------+-----
Long Blades    | 4 |  4.2
Fighting       | 4 |  4.1
Short Blades   | |  0.3
Armour         | |  2.9
Dodging        | |  2.8
Stealth        | |  0.3

Action                   || total
-------------------------++-------
Melee: Falchion          ||    38
       Dagger            ||    87
Invok: Berserk           ||     1
 Abil: Hop               ||     2
  Use: Scroll            ||     2
       Potion            ||     1
  Eat: Ration            ||     1
Armor: Animal skin       ||    20
Dodge: Dodged            ||    73
       Rpst.: Falchion   ||     9

Table legend:
 A = Spawn XP
 B = Non-spawn XP
 C = Spawn XP percentage of total XP
 D = Spawn monster count
 E = Non-spawn monster count
 F = Spawn count percentage of total count
 G = Total turns spent on level
                    A         B        C        D         E        F      G
               +---------+---------+-------+---------+---------+-------+---------
         Total |       0 |      63 |   0.0 |       0 |      27 |   0.0 |  1023
               +---------+---------+-------+---------+---------+-------+---------
           D:1 |       0 |      33 |   0.0 |       0 |      20 |   0.0 |   632
           D:2 |       0 |      30 |   0.0 |       0 |       7 |   0.0 |   391
               +---------+---------+-------+---------+---------+-------+---------
